 Dungeon Crawl Stone Soup version 0.31.0 (webtiles) character file.

Game seed: 3214018829316708738

963 Daunt the Fighter (level 7, -10/74 HPs)
             Began as a Minotaur Wanderer on Jan 19, 2024.
             Mangled by a two-headed ogre
             ... wielding a +0 giant club
              (26 damage)
             ... on level 6 of the Dungeon.
             The game lasted 00:09:18 (4466 turns).

Daunt the Fighter (Minotaur Wanderer)               Turns: 4466, Time: 00:09:20

Health: -10/74     AC:  5    Str: 20    XL:     7   Next: 92%
Magic:  6/6        EV: 10    Int:  6    God:
Gold:   406        SH:  0    Dex: 11    Spells: 6/6 levels left

rFire   . . .        a - +6 flail (holy)
rCold   . . .        (no shield)
rNeg    + . .        A - +0 ring mail {rPois}
rPois   +            (helmet restricted)
rElec   .            (no cloak)
rCorr   .            (no gloves)
SInv    .            (no boots)
Will    .....        (no amulet)
Stlth   +            l - ring of positive energy
HPRegen 0.32/turn    (no ring)
MPRegen 0.10/turn

%: no passive effects
@: no status effects
A: horns 2, retaliatory headbutt
a: no special abilities


You were on level 6 of the Dungeon.
You visited 1 branch of the dungeon, and saw 6 of its levels.
You also visited: Ossuary.

You collected 556 gold pieces.
You spent 150 gold pieces at shops.

Inventory:

Hand Weapons
 a - a +6 flail of holy wrath (weapon)
 b - a +3 sling
 m - a +0 club
 t - a +0 mace
 B - a +2 spear of flaming
Missiles
 e - 80 stones
 s - a boomerang
 y - 2 poisoned darts
Armour
 d - a +0 leather armour
 o - a +0 ring mail
 q - a +0 scale mail
 A - a +0 ring mail of poison resistance (worn)
Jewellery
 l - a ring of positive energy (left hand)
 D - a ring of wizardry
Wands
 v - a wand of digging (5)
 z - a wand of paralysis (6)
Scrolls
 f - 2 scrolls of enchant weapon
 h - 5 scrolls of revelation {unknown}
 k - 3 scrolls of teleportation
 p - 2 scrolls of immolation
 r - a scroll of torment {unknown}
 u - a scroll of butterflies {unknown}
 x - 4 scrolls of fog {unknown}
Potions
 c - 4 potions of brilliance
 g - 7 potions of heal wounds
 j - 2 potions of might
 n - 4 potions of curing
 w - 3 potions of cancellation
 C - a potion of ambrosia


   Skills:
 + Level 11.1 Fighting
 - Level 2.4 Maces & Flails
 - Level 3.2 Ranged Weapons
 - Level 2.4 Armour
 - Level 1.0 Evocations


You had 6 spell levels left.
You didn't know any spells.
Your spell library contained the following spells:

 Spells                   Type           Power      Damage    Failure   Level
 Apportation              Tloc           0%         N/A       63%         1
 Necrotise                Necr           0%         1d4       63%         1
 Sting                    Conj/Alch      0%         1d3       63%         1
 Summon Small Mammal      Summ           0%         N/A       63%         1
 Ensorcelled Hibernation  Hex/Ice        0%         N/A       77%         2
 Dazzling Flash           Conj/Hex       0%         N/A       94%         3
 Fugue of the Fallen      Necr           0%         N/A       94%         3
 Volatile Blastmotes      Fire/Tloc      0%         2d10      94%         3
 Anguish                  Hex/Necr       0%         N/A       100%        4
 Starburst                Conj/Fire      0%         6d3       100%        6
 Maxwell's Capacitive Co  Air            0%         ∞         100%        8


Dungeon Overview and Level Annotations

Branches:
Dungeon (6/15)            Ossuary (visited)
 Temple: D:4-7

Altars:

Shops:
D:4 ?   D:5 (

Annotations:
D:2 dig


Innate Abilities, Weirdness & Mutations

You have a pair of horns on your head.
You reflexively headbutt those who attack you in melee.


Message History

You see here a +0 robe.
There is an open door here.
You open the door.
There is an open door here.
Done exploring.
As you read the scroll of identify, it crumbles to dust.
p - 2 scrolls of immolation
There is an open door here.
There is a stone staircase leading down here.
You climb downwards.
The two-headed ogre shouts in stereo!
Found a dagger.
There is a stone staircase leading up here.
A two-headed ogre is nearby!
The two-headed ogre barely misses you. You furiously retaliate!
You headbutt the two-headed ogre!
The two-headed ogre hits you with a +0 giant spiked club!!
You sock the two-headed ogre!
The two-headed ogre is moderately wounded.
You hit the two-headed ogre.
The two-headed ogre is moderately wounded.
The two-headed ogre hits you with a +0 giant club!
The two-headed ogre hits you with a +0 giant spiked club!!
* * * LOW HITPOINT WARNING * * *
You are too injured to fight recklessly!
You are too injured to fight recklessly!
Unknown command.
Unknown command.
Okay, then.
It was a potion of heal wounds.
You feel much better.
The two-headed ogre hits you with a +0 giant club!!
* * * LOW HITPOINT WARNING * * *
The two-headed ogre misses you.
Unknown command.
Aiming: Paralyse
Press: ? - help, Shift-Dir - straight line, f - two-headed ogre
Aim: a two-headed ogre, wielding a +0 giant club and a +0 giant spiked club (moderately wounded, chance to affect: 33%)
The two-headed ogre easily resists.
The two-headed ogre hits you with a +0 giant club!!
You die...

## .. .# ##.#
#..# #.O#
#.####@.#####
#..).<........
#..........###
#.########## #


You could see a two-headed ogre.

Vanquished Creatures
  Grinder (D:3)
  Sigmund (D:4)
  Edmund (D:5)
  A bombardier beetle (D:5)
  2 hounds (D:5)
  A jelly (D:5)
  Jessica (D:2)
  An orc wizard (D:5)
  Ijyb (D:5)
  8 mummies (Ossuary)
  Robin (D:2)
  4 gnolls (D:4)
  5 adders
  A ribbon worm (D:2)
  2 dart slugs
  11 orcs
  3 endoplasms
  2 giant cockroaches
  7 hobgoblins
  10 jackals
  2 quokkas (D:3)
  5 ball pythons
  10 bats
  5 frilled lizards
  12 goblins
  2 hobgoblin zombies (Ossuary)
  8 kobolds
  2 kobold zombies (Ossuary)
  4 orc zombies (Ossuary)
  3 rats
117 creatures vanquished.

Notes
Turn   | Place    | Note
-------+----------+-------------------------------------------
     0 | D:1      | Daunt the Minotaur Wanderer began the quest for the Orb.
     0 | D:1      | Daunt set off with the following items: a +3 sling, a +0
                  | mace, a potion of brilliance, a +0 leather armour.
     0 | D:1      | Reached XP level 1. HP: 18/18 MP: 0/0
   122 | D:1      | Reached skill level 3 in Fighting
   134 | D:1      | Reached XP level 2. HP: 26/26 MP: 1/1
   684 | D:2      | Noticed Jessica
   690 | D:2      | Killed Jessica
   691 | D:2      | Reached skill level 4 in Fighting
   691 | D:2      | Reached XP level 3. HP: 34/34 MP: 2/2
   755 | D:2      | Noticed Robin
   801 | D:2      | Killed Robin
   802 | D:2      | Reached skill level 5 in Fighting
   809 | D:2      | Reached XP level 4. HP: 39/42 MP: 3/3
  1397 | D:3      | Noticed Grinder
  1404 | D:3      | Killed Grinder
  1405 | D:3      | Reached skill level 7 in Fighting
  1405 | D:3      | Reached XP level 5. HP: 41/53 MP: 4/4
  1405 | D:3      | Reached XP level 6. HP: 47/61 MP: 5/5
  1905 | D:4      | Reached skill level 8 in Fighting
  2067 | D:4      | Noticed Sigmund
  2086 | D:4      | Killed Sigmund
  2087 | D:4      | Reached skill level 9 in Fighting
  2545 | D:4      | Reached XP level 7. HP: 70/70 MP: 6/6
  2642 | D:4      | Found Naefurgh's Magic Scroll Shoppe.
  2647 | D:4      | Bought a scroll of teleportation for 36 gold pieces
  2647 | D:4      | Bought a scroll of identify for 24 gold pieces
  2647 | D:4      | Bought a scroll of enchant weapon for 90 gold pieces
  2970 | D:5      | Entered Level 5 of the Dungeon
  3082 | D:5      | Found a sand-covered staircase.
  3091 | Ossuary  | Entered an ossuary
  3303 | Ossuary  | Reached skill level 10 in Fighting
  3614 | D:5      | Noticed Ijyb
  3622 | D:5      | Paralysed by Ijyb for 4 turns
  3628 | D:5      | Paralysed by Ijyb for 3 turns
  3631 | D:5      | Killed Ijyb
  3749 | D:5      | Noticed Edmund
  3762 | D:5      | Killed Edmund
  4003 | D:5      | Found Cexzil's Weapon Emporium.
  4098 | D:5      | Reached skill level 11 in Fighting
  4461 | D:6      | Noticed a two-headed ogre
  4466 | D:6      | Mangled by a two-headed ogre

Illustrated notes

Levels and vault maps discovered:
D:1:      erik_arrival_orb_chamber, layout_basic
D:2:      layout_loops_ring, minmay_surrounded, uniq_jessica, uniq_robin
D:3:      layout_rooms, uniq_grinder
D:4:      layout_basic, serial_shops, shop, uniq_sigmund
D:5:      layout_gridville, enter_ossuary_1, serial_shops,
          nicolae_shop_hallway_plus, uniq_ijyb, uniq_edmund
D:6:      dreamdust_elfheim, layout_loops_ring, kennysheep_ying_yang,
          serial_shops, shop, minmay_misc_feat_nine_boxes

Skill      XL: |  1  2  3  4  5  6  7 |
---------------+----------------------+-----
Fighting       | 3 4 5 7 9 11 | 11.1
Maces & Flails | |  2.4
Ranged Weapons | |  3.2
Armour         | |  2.4
Evocations     | |  1.0

Action                     |  1- 3 |  4- 6 |  7- 9 || total
---------------------------+-------+-------+-------++-------
  Melee: Spear             |       |    18 |    39 ||    57
         Headbutt          |       |     2 |    11 ||    13
         Punch             |       |     1 |     2 ||     3
         Flail             |       |       |    12 ||    12
   Fire: Sling             |    71 |   139 |   100 ||   310
  Evoke: Wand              |       |       |     3 ||     3
    Use: Scroll            |       |       |     6 ||     6
         Potion            |       |       |     1 ||     1
   Stab: Paralysed         |       |       |     8 ||     8
 Armour: Leather armour    |    14 |    58 |    40 ||   112
         Ring mail         |       |       |    17 ||    17
  Dodge: Dodged            |    15 |    49 |    44 ||   108
